montu, chaotic male human Wizard @--------##################### -------------- d|.......# -----------# |......{.....| #|......| #..........|###############-............| ------- %|.......# ###|.........| ----.--------- |.....-#####|......|# # #|.........| # |..<..| -.-+-.--# #####|.........| ### |......# # # # # # # |.........| # -------# ##### # ##### --------+-- ### # # # # # # ### # # ########## # # # # # # ## # ### # ## ### #####`###############)###### # #----|--- ##---+-# -----|--########## # #|......| ##....|# |......| -|-%---- #|.......### |....# |......| +...>..| #.......| |...| |......| |......| -------- |....############-------- |......| ----- ############ -------- montu the Conjurer Experience level: 3 Strength: 10 Dexterity: 11 Constitution: 18 Intelligence: 18 Wisdom: 8 Charisma: 10 Health: 0(33) Energy: 6(15) Def: 1 Gold: 673 Moves: 1987 Dungeon seed: -AMDJ2yx499IXmPZ Game ID: montu_1706067810 Your Inventory: Coins $ - 673 gold pieces Weapons a - a blessed +1 quarterstaff (weapon in hands) Armor e - an uncursed +0 cloak of magic resistance (being worn) Comestibles F - 2 uncursed food rations Scrolls m - an uncursed scroll of enchant armor Potions k - a cursed potion of polymorph l - an uncursed potion of hallucination I - an uncursed potion of water Wands b - an uncursed wand of striking (0:5) G - an uncursed wand of polymorph (0:8) Tools h - an uncursed blindfold o - an uncursed mirror Gems n - an uncursed worthless piece of black glass q - an uncursed worthless piece of yellowish brown glass Spells and supernatural/magical abilities: Name Level Category Cost Memory a - force bolt 1 attack 8pw 97% k - knock 1 matter 12pw 97% m - magic missile 2 attack 16pw 97% w - wizard lock 2 matter 25pw 97% W - pray for help -- divine ? -- Your skills at the end: Fighting Skills wands [Basic] Weapon Skills quarterstaff [Basic] Spellcasting Skills attack spells [Basic] enchantment spells [Basic] Final Attributes: You were piously aligned. You were magic resistant. Anhur was noncommittal. You are dead. Vanquished creatures: a kobold lord an iguana a hobbit a gecko 6 jackals a fox 3 kobolds a goblin 2 sewer rats 9 grid bugs 3 bats 3 lichens 3 newts 35 creatures vanquished. Voluntary challenges: You were an atheist. You used a wielded weapon 34 times, starting on turn 43. You read items or engraved 1 time, starting on turn 1205. You never genocided any monsters. You never polymorphed an object. You never changed form. You used no wishes. You never split a pudding. You never wrote Elbereth's name. You never violated your personal moral code. Dungeon overview: The Dungeons of Doom: levels 1 to 4 Level 1 a fountain, a vault a long staircase Level 2 a delicatessen, a fountain a long staircase Level 3 a general store, a fountain, a vault Level 4 <- You were here a fountain, a vault History has recorded: On T:1 you entered the Dungeons of Doom to retrieve the Amulet of Yendor! On T:374 you reached level 2 of The Dungeons of Doom. On T:714 you advanced to experience level 2. On T:742 you reached level 3 of The Dungeons of Doom. On T:1303 you advanced to experience level 3. On T:1330 you reached level 4 of The Dungeons of Doom. Score breakdown: Gold: 673 ( 9622 points) Experience: 3 levels ( 7878 points) Exploration: 4 levels ( 8.00%) ( 7423 points) Discoveries: 3 items ( 1.01%) ( 3010 points) Valuables value: (no points given unless you survive) Artifact value: 0 ( 0 points) Variety of kills: 13 monsters ( 3.42%) ( 5548 points) Turncount: 1987 turns ( 0 points) Survival: died (score multiplied by 80%) Total score: 26784 Latest messages: The werejackal bites! You miss the werejackal. The werejackal bites! You miss the werejackal. The werejackal bites! You miss the werejackal. The werejackal bites! You miss the werejackal. The werejackal bites! You hit the werejackal! The werejackal bites! You hit the werejackal! The werejackal bites! You miss the werejackal. The werejackal bites! You hit the werejackal. The werejackal bites! You hear water falling on coins. You miss the werejackal. The werejackal bites! You miss the werejackal. The werejackal summons help! You feel hemmed in. The werejackal bites! You die... Final status: Goodbye montu the Wizard, killed by a werejackal... You died in The Dungeons of Doom on dungeon level 4 with 26784 points, and 673 pieces of gold, after 1987 moves. You were level 3 with a maximum of 33 hit points when you died.